 Dungeon Sprint DCSS version 0.32-a0-160-g465344b4ef (webtiles) character file.

Game seed: 7950165321213450427

69611 wilfster70 the Conqueror (level 14, -14/168 HPs)
             Began as a Minotaur Fighter on Feb 11, 2024.
             Was an Initiate of Gozag.
             Killed from afar by a Brimstone Fiend (26 damage)
             ... with damnation
             ... summoned by Asmodeus
             ... in the Dungeon (Sprint IX: "|||||||||||||||||||||||||||||").
             The game lasted 00:13:30 (3340 turns).

wilfster70 the Conqueror (Minotaur Fighter)         Turns: 3340, Time: 00:13:30

Health: -14/168    AC: 39    Str: 25    XL:     14   Next: 91%
Magic:  22/22      EV: 23    Int:  5    God:    Gozag
Gold:   3943       SH:  6    Dex: 16    Spells: 13/13 levels left

rFire   + + .        a - +1 broad axe of the Fool {freeze, *Slow rF+ rCorr Stlth+}
rCold   + . .        c - +0 buckler
rNeg    + . .        H - +7 plate armour "Elaungax" {Rampage rElec}
rPois   +            (helmet restricted)
rElec   +            v - +2 cloak {rPois}
rCorr   +            d - +2 pair of gloves {Dex+3}
SInv    .            i - +0 pair of boots {Fly}
Will    +....        n - amulet of Vitality {RegenMP++ Regen++} Stlth
                     B - ring of Yphew {rF+ rC+ rN+ MP+9 Dex+2}
HPRegen 2.08/turn    k - +5 ring of evasion
MPRegen 0.98/turn

%: no teleportation, slow self (1%), rampage
@: flying, slowed, very slow
A: horns 2, retaliatory headbutt
a: Renounce Religion, Potion Petition, Call Merchant, Bribe Branch


You were in the Dungeon.
You worshipped Gozag.
Gozag was most pleased with you.
You visited 1 branch You collected 14369 gold pieces.
You spent 4458 gold pieces at shops.
You paid 5968 gold pieces to Gozag.

Inventory:

Hand Weapons
 a - the +1 broad axe of the Fool (weapon) {freeze, *Slow rF+ rCorr Stlth+}
   (You found it in the Dungeon)

   rF+:       It protects you from fire.
   rCorr:     It protects you from acid and corrosion.
   *Slow:     It may slow you when you take damage.
   Stlth+:    It makes you more stealthy.
 b - a +2 morningstar of protection
 A - a +2 war axe of freezing
Missiles
 G - 4 throwing nets (quivered)
Armour
 c - a +0 buckler (worn)
 d - a +2 pair of gloves of dexterity (worn)
 i - a +0 pair of boots of flying (worn)
 v - a +2 cloak of poison resistance (worn)
 H - the +7 plate armour "Elaungax" (worn) {Rampage rElec}
   (You bought it in a shop in the Dungeon)

   rElec:     It insulates you from electricity.
   Rampage:   It bestows one free step when moving towards enemies.
Jewellery
 k - a +5 ring of evasion (right hand)
 n - the amulet of Vitality (around neck) {RegenMP++ Regen++}
   (You bought it in a shop in the Dungeon)

   [amulet of magic regeneration]

   RegenMP:   It increases your rate of magic regeneration.
   Regen++:   It increases your rate of health regeneration.
 B - the ring of Yphew (left hand) {rF+ rC+ rN+ MP+9 Dex+2}
   (You bought it in a shop in the Dungeon)

   [ring of magical power]

   Dex+2:     It affects your dexterity (+2).
   rF+:       It protects you from fire.
   rC+:       It protects you from cold.
   rN+:       It protects you from negative energy.
   MP+9:      It affects your magic capacity (+9).
Wands
 m - a wand of quicksilver (7)
Scrolls
 j - 4 scrolls of blinking
 l - 3 scrolls of amnesia
 p - a scroll of vulnerability
 r - 2 scrolls of identify
 s - 6 scrolls of enchant weapon
 t - 2 scrolls of fog
 E - a scroll of fear
 F - 2 scrolls of enchant armour
Potions
 e - 8 potions of curing
 f - 4 potions of heal wounds
 g - a potion of haste
 h - 4 potions of magic
 q - a potion of might
 u - a potion of lignification
 C - a potion of brilliance
 D - 2 potions of resistance


   Skills:
 O Level 27 Fighting
 - Level 18.0 Axes
 O Level 27 Armour
 + Level 21.1 Dodging
 - Level 6.0 Shields
 - Level 14.1 Evocations


You had 13 spell levels left.
You didn't know any spells.
Your spell library contained the following spells:

 Spells                   Type           Power      Damage    Failure   Level
 Apportation              Tloc           0%         N/A       90%         1
 Necrotise                Necr           0%         1d4       90%         1
 Sting                    Conj/Alch      0%         1d3       90%         1
 Summon Small Mammal      Summ           0%         N/A       90%         1


Dungeon Overview and Level Annotations

Branches:
Dungeon (1/1)

Altars:
Cheibriados
Dithmenos
Elyvilon
Fedhas
Gozag
Hepliaklqana
Kikubaaqudgha
Makhleb
Nemelex Xobeh
Okawaru
Qazlal
Ru
Sif Muna
Trog
Uskayaw
Vehumet
Wu Jian
Xom
Yredelemnul
Zin
The Shining One
Jiyva
Lugonu

Shops:
D [=([([[=[[

Annotations:
D Asmodeus


Innate Abilities, Weirdness & Mutations

You have a pair of horns on your head.
You reflexively headbutt those who attack you in melee.


Message History

You are too injured to fight recklessly!
You are too injured to fight recklessly!
You are too injured to fight recklessly!
You are too injured to fight recklessly!
You are too injured to fight recklessly!
You are too injured to fight recklessly!
You are too injured to fight recklessly!
You are too injured to fight recklessly!
You are too injured to fight recklessly!
You are too injured to fight recklessly!
You are too injured to fight recklessly!
You are too injured to fight recklessly!
You slice the Brimstone Fiend!! You freeze the Brimstone Fiend!!
You headbutt the Brimstone Fiend, but do no damage.
The Brimstone Fiend is severely wounded.
The ironbound preserver gestures wildly while chanting.
The ironbound preserver is healed somewhat.
The Brimstone Fiend gestures at you.
The sphere of damnation explodes!
The damnation engulfs you!!
* * * LOW HITPOINT WARNING * * *
The damnation engulfs the Brimstone Fiend.
The Brimstone Fiend completely resists.
Unknown command.
Blink to where?
Press: ? - help, Dir - move target
As you read the scroll of blinking, it crumbles to dust.
The Brimstone Fiend calls on the powers of darkness!
Your body is wracked with pain!
* * * LOW HITPOINT WARNING * * *
Things that are here:
36 gold pieces; a +0 dagger; a +0 robe The Brimstone Fiend gestures at you.
The sphere of damnation explodes!
The damnation engulfs you!!
* * * LOW HITPOINT WARNING * * *
Items here: $ )) [[.
You reach down and open the door.
The Brimstone Fiend gestures at you.
The sphere of damnation explodes!
The damnation engulfs you!!
You die...
Your body crumbles into a pile of gold.

▓.▓.♣.♣.▓[▓.▓)▓.▓.
▓.▓.♣.♣.▓[▓.▓)▓.▓.
▓.▓.♣.♣.▓[▓.▓)▓.▓.
▓.▓.♣.♣.▓[▓.▓)▓.▓'
▓[▓.♣.♣.▓.▓.▓)▓.▓.
▓.▓.♣.♣.▓.▓.▓.▓.▓.
▓.▓.♣.♣.▓.▓.▓)▓.▓.
▓[▓.▓'▓.▓.▓.▓.▓.▓.
▓@▓.▓.▓.▓.▓.▓.▓.▓.
▓$▓.▓.▓.▓.▓.▓.▓.▓.
▓.▓.▓.▓.▓.▓.▓)▓.▓.
▓$▓.▓.▓.▓.▓.▓.▓.▓.
▓$▓.▓.▓)▓.▓.▓'▓.▓.
▓$▓.▓.▓.▓.▓.▓)▓.▓'
▓.▓.▓.▓.▓'▓.▓.▓.▓.
▓1▓.▓.▓.▓)▓.▓.▓.▓.
▓&▓.▓.▓.▓.▓.▓.▓.▓.


You could see a Brimstone Fiend (summoned).

Vanquished Creatures
  Rupert (D)
  2 sphinxes (D)
  A tengu reaver (D)
  A vault warden (D)
  A draconian scorcher (D)
  A spriggan defender (D)
  2 stone giants (D)
  3 very ugly things (D)
  2 ironbound thunderhulks (D)
  A vampire knight (D)
  An eleionoma (D)
  A deep elf death mage (D)
  Nessos (D)
  2 spark wasps (D)
  A bunyip (D)
  An ettin (D)
  A rakshasa (D)
  2 great orbs of eyes (D)
  An entropy weaver (D)
  3 ice dragons (D)
  Harold (D)
  A peacekeeper (D)
  2 hydras (D)
  A spriggan air mage (D)
  An ironbound frostheart (D)
  An anaconda (D)
  An ogre mage (D)
  A radroach (D)
  2 boulder beetles (D)
  A merfolk aquamancer (D)
  2 merfolk avatars (D)
  2 centaur warriors (D)
  A catoblepas (D)
  6 death yaks (D)
  2 deep troll earth magi (D)
  A demonic crawler (D)
  A spriggan (D)
  9 orc high priests (D)
  An occultist (D)
  2 shock serpents (D)
  A skeletal warrior (D)
  A pharaoh ant (D)
  A spriggan druid (D)
  A flayed ghost (D)
  A sea snake (D)
  A goliath frog (D)
  An arcanist (D)
  A glowing orange brain (D)
  2 lindwurms (D)
  5 orc knights (D)
  A harpy (D)
  5 ironbound convokers (D)
  A necromancer (D)
  A wolf spider (D)
  4 ugly things (D)
  A will-o-the-wisp (D)
  A cyclops (D)
  2 manticores (D)
  An orc sorcerer (D)
  A merfolk siren (D)
  3 naga magi (D)
  A torpor snail (D)
  4 black mambas (D)
  2 vault sentinels (D)
  Joseph (D)
  2 cane toads (D)
  2 unseen horrors (D)
  A freezing wraith (D)
  An efreet (D)
  A tengu conjurer (D)
  3 komodo dragons (D)
  2 merfolk (D)
  A troll (D)
  A hornet (D)
  A dream sheep (D)
  A snapping turtle (D)
  2 blink frogs (D)
  A jumping spider (D)
  2 wraiths (D)
  3 yaks (D)
  A yak (shapeshifter) (D)
  2 wyverns (D)
  A shadow (D)
  A vampire mosquito (D)
  A basilisk (D)
  A naga (D)
  A redback (D)
  3 water moccasins (D)
  10 orc warriors (D)
  An ice beast (D)
  A wolf (D)
  A centaur (D)
  2 bullfrogs (D)
  An iguana (D)
  2 orc priests (D)
  2 orc wizards (D)
  A dart slug (D)
  10 orcs (D)
  A quokka (D)
  A frilled lizard (D)
  2 kobolds (D)
  A rat (D)
183 creatures vanquished.

Vanquished Creatures (others)
  A bloated husk (D)
1 creature vanquished.

Grand Total: 184 creatures vanquished

Notes
Turn   | Place    | Note
-------+----------+-------------------------------------------
     0 | D        | wilfster70 the Minotaur Fighter began the quest for the
                  | Orb.
     0 | D        | Reached XP level 1. HP: 19/19 MP: 0/0
    21 | D        | Noticed an ice beast
    21 | D        | Noticed a centaur
    21 | D        | Noticed an iguana
    23 | D        | Killed an ice beast
    24 | D        | Reached skill level 5 in Fighting
    24 | D        | Reached skill level 5 in Armour
    24 | D        | Reached skill level 5 in Shields
    24 | D        | Reached XP level 2. HP: 30/30 MP: 1/1
    24 | D        | Reached XP level 3. HP: 37/37 MP: 2/2
    24 | D        | Reached XP level 4. HP: 44/44 MP: 3/3
    28 | D        | Killed a centaur
    29 | D        | Reached XP level 5. HP: 43/52 MP: 4/4
    91 | D        | Found a snail-covered altar of Cheibriados.
    91 | D        | Found a shadowy altar of Dithmenos.
    91 | D        | Found a white marble altar of Elyvilon.
    91 | D        | Found a blossoming altar of Fedhas.
    91 | D        | Found an opulent altar of Gozag.
    92 | D        | Found a hazy altar of Hepliaklqana.
    93 | D        | Found a viscous altar of Jiyva.
    94 | D        | Found an ancient bone altar of Kikubaaqudgha.
    95 | D        | Found a corrupted altar of Lugonu.
    96 | D        | Found a burning altar of Makhleb.
    97 | D        | Found a sparkling altar of Nemelex Xobeh.
    98 | D        | Found an iron altar of Okawaru.
    99 | D        | Became a worshipper of Gozag Ym Sagoz the Greedy
   100 | D        | Found a stormy altar of Qazlal.
   101 | D        | Found a sacrificial altar of Ru.
   102 | D        | Found a shimmering blue altar of Sif Muna.
   103 | D        | Found a bloodstained altar of Trog.
   104 | D        | Found a hide-covered altar of Uskayaw.
   105 | D        | Found a radiant altar of Vehumet.
   106 | D        | Found an ornate altar of the Wu Jian Council.
   107 | D        | Found a shimmering altar of Xom.
   108 | D        | Found a basalt altar of Yredelemnul.
   109 | D        | Found a glowing silver altar of Zin.
   110 | D        | Found a glowing golden altar of the Shining One.
   126 | D        | Got the +1 broad axe of the Fool {freeze, *Slow rF+ rCorr
                  | Stlth+}
   163 | D        | Noticed a shadow
   163 | D        | Noticed a wyvern
   163 | D        | Noticed a troll
   163 | D        | Noticed a wraith
   166 | D        | Killed a shadow
   167 | D        | Reached XP level 6. HP: 62/62 MP: 5/5
   169 | D        | Killed a wyvern
   178 | D        | Killed an unseen horror
   179 | D        | Reached skill level 10 in Fighting
   179 | D        | Reached skill level 10 in Armour
   179 | D        | Reached XP level 7. HP: 57/73 MP: 6/6
   185 | D        | Killed a troll
   192 | D        | Killed a wraith
   193 | D        | Reached XP level 8. HP: 29/82 MP: 7/7
   197 | D        | Killed an unseen horror
   198 | D        | Reached skill level 15 in Axes
   379 | D        | Noticed a white ugly thing
   379 | D        | Noticed a cyclops
   379 | D        | Noticed a boulder beetle
   379 | D        | Noticed a centaur warrior
   379 | D        | Noticed a boulder beetle
   386 | D        | Killed a white ugly thing
   393 | D        | Killed a cyclops
   394 | D        | Reached XP level 9. HP: 44/92 MP: 8/8
   401 | D        | Killed a boulder beetle
   406 | D        | Killed a boulder beetle
   408 | D        | Killed a centaur warrior
   730 | D        | Noticed a komodo dragon
   740 | D        | Noticed a cane toad
   742 | D        | Reached skill level 1 in Evocations
   742 | D        | Reached XP level 10. HP: 104/104 MP: 9/9
   744 | D        | Reached skill level 15 in Fighting
   747 | D        | Reached skill level 15 in Armour
   765 | D        | Killed a cane toad
   782 | D        | Bought an embroidered cloak for 202 gold pieces
   782 | D        | Bought a pair of polished boots for 256 gold pieces
   782 | D        | Identified the +1 pair of boots of Cetof {Rampage rC- Str+5
                  | Int+3} (You bought it in a shop in the Dungeon)
   805 | D        | Noticed a cane toad
   808 | D        | Noticed a death yak
   821 | D        | Killed a cane toad
   822 | D        | Reached skill level 5 in Evocations
   829 | D        | Killed a death yak
   870 | D        | Noticed a death yak
   870 | D        | Noticed a death yak
   870 | D        | Noticed a catoblepas
   870 | D        | Noticed a death yak
   873 | D        | Noticed a death yak
   876 | D        | Killed a death yak
   876 | D        | Noticed a death yak
   891 | D        | Killed a death yak
   892 | D        | Reached XP level 11. HP: 111/117 MP: 10/10
   897 | D        | Killed a catoblepas
   906 | D        | Killed a death yak
   911 | D        | Killed a death yak
   921 | D        | Killed a death yak
  1152 | D        | Noticed an orc sorcerer
  1164 | D        | Killed an orc sorcerer
  1165 | D        | Noticed an orc high priest
  1186 | D        | Killed an orc high priest
  1187 | D        | Reached skill level 10 in Evocations
  1247 | D        | Found Jacwoot's Antique Armour Emporium.
  1247 | D        | Noticed an orc high priest
  1247 | D        | Noticed an orc knight
  1247 | D        | Noticed an orc high priest
  1247 | D        | Noticed an orc knight
  1247 | D        | Noticed an orc high priest
  1248 | D        | Noticed an orc high priest
  1252 | D        | Killed an orc high priest
  1328 | D        | Killed an orc knight
  1471 | D        | Killed an orc high priest
  1494 | D        | Killed an orc high priest
  1504 | D        | Killed an orc knight
  1505 | D        | Reached XP level 12. HP: 94/133 MP: 11/11
  1540 | D        | Killed an orc high priest
  1613 | D        | Noticed an orc high priest
  1621 | D        | Killed an orc high priest
  1645 | D        | Noticed an orc high priest
  1651 | D        | Killed an orc high priest
  1716 | D        | Found Inienem's Antique Weapon Shoppe.
  1720 | D        | Found Yxkoniom's Armour Emporium.
  1724 | D        | Found Xoalon's Armour Shoppe.
  1729 | D        | Noticed an orc high priest
  1730 | D        | Noticed an orc high priest
  1764 | D        | Killed an orc high priest
  1767 | D        | Killed an orc high priest
  1985 | D        | Bought a masterwork war axe for 263 gold pieces
  1985 | D        | Identified the +4 war axe "Odwi" {pain, rC- rN+ Int+2
                  | Stlth+} (You bought it in a shop in the Dungeon)
  1990 | D        | Bought a +1 pair of gloves of dexterity for 231 gold pieces
  2007 | D        | Bought a +0 pair of boots of flying for 184 gold pieces
  2029 | D        | Bought the amulet of Vitality {RegenMP++ Regen++} for 1700
                  | gold pieces
  2029 | D        | Found the amulet of Vitality {RegenMP++ Regen++}
  2067 | D        | Noticed Joseph
  2077 | D        | Killed Joseph
  2209 | D        | Noticed a centaur warrior
  2215 | D        | Noticed an ogre mage
  2219 | D        | Killed a centaur warrior
  2222 | D        | Noticed an ice dragon
  2223 | D        | Noticed an ice dragon
  2228 | D        | Noticed a cyan very ugly thing
  2237 | D        | Killed an ogre mage
  2238 | D        | Noticed an ice dragon
  2244 | D        | Killed a cyan very ugly thing
  2251 | D        | Noticed an ettin
  2266 | D        | Killed an ice dragon
  2270 | D        | Killed an ice dragon
  2286 | D        | Killed an ice dragon
  2293 | D        | Killed an ettin
  2376 | D        | Noticed Rupert
  2386 | D        | Killed Rupert
  2387 | D        | Reached XP level 13. HP: 108/147 MP: 12/12
  2405 | D        | Noticed Nessos
  2406 | D        | Noticed Harold
  2415 | D        | Killed Harold
  2438 | D        | Killed Nessos
  2532 | D        | Reached skill level 5 in Dodging
  2581 | D        | Bought a faintly glowing plate armour for 980 gold pieces
  2581 | D        | Identified the +7 plate armour "Elaungax" {Rampage rElec}
                  | (You bought it in a shop in the Dungeon)
  2607 | D        | Noticed a bunyip
  2607 | D        | Noticed an eleionoma
  2615 | D        | Killed a bunyip
  2633 | D        | Killed an eleionoma
  2705 | D        | Noticed a spark wasp
  2711 | D        | Killed a spark wasp
  2715 | D        | Reached skill level 10 in Dodging
  2857 | D        | Bought the ring of Yphew {rF+ rC+ rN+ MP+9 Dex+2} for 642
                  | gold pieces
  2967 | D        | Noticed a tengu reaver
  2979 | D        | Killed a tengu reaver
  2980 | D        | Reached XP level 14. HP: 144/163 MP: 13/13
  3053 | D        | Noticed a vampire knight
  3054 | D        | Noticed a stone giant
  3061 | D        | Noticed a spriggan defender
  3064 | D        | Killed a stone giant
  3064 | D        | Noticed a brown very ugly thing
  3068 | D        | Killed a vampire knight
  3068 | D        | Noticed a green very ugly thing
  3075 | D        | Noticed a stone giant
  3086 | D        | Killed a spriggan defender
  3090 | D        | Killed a green very ugly thing
  3100 | D        | Killed a green very ugly thing
  3108 | D        | Killed a stone giant
  3178 | D        | Noticed an ironbound thunderhulk
  3178 | D        | Noticed an ironbound thunderhulk
  3182 | D        | Killed an ironbound thunderhulk
  3183 | D        | Reached skill level 27 in Fighting
  3183 | D        | Reached skill level 15 in Dodging
  3191 | D        | Killed an ironbound thunderhulk
  3194 | D        | Noticed a vault warden
  3196 | D        | Reached skill level 27 in Armour
  3217 | D        | Killed a vault warden
  3232 | D        | Noticed a sphinx
  3232 | D        | Noticed a sphinx
  3247 | D        | Paralysed by a sphinx for 3 turns
  3251 | D        | Killed a sphinx
  3261 | D        | Noticed an ironbound preserver
  3264 | D        | Paralysed by a sphinx for 4 turns
  3275 | D        | Killed a sphinx
  3278 | D        | Noticed a red draconian scorcher
  3282 | D        | Found the +13 sceptre of Asmodeus
  3282 | D        | Noticed Asmodeus
  3297 | D        | Killed a red draconian scorcher
  3309 | D        | Killed a ghostly red draconian scorcher
  3314 | D        | Noticed a balrug
  3330 | D        | Noticed a Brimstone Fiend
  3338 | D        | HP: 6/168 [Brimstone Fiend/damnation[Asmodeus] (23)]
  3340 | D        | Killed from afar by a Brimstone Fiend

Illustrated notes

Levels and vault maps discovered:
D:        linesprint [early_d, line_temple, items_1, d_10, items_2, lair_1,
          lair_end, items_3, orc_1, orc_end, items_4, d_15, swamp_1, shoals_1,
          snake_1, spider_1, d_20, vaults_1, items_5, swamp_end, shoals_end,
          snake_end, spider_end, vaults_end, d_27, items_6, zot_1, zot_end,
          crypt_end, forest_end, elf_end, slime_end, tomb_end, abyss_end,
          pan_hell_end]

Skill      XL: |  1  2  3  4  5  6  7  8  9 10 11 12 13 14 |
---------------+-------------------------------------------+-----
Axes           | 6 8 11 13 14 17 18 | 18.0
Fighting       | 5 7 8 10 11 12 14 17 20 22 25 27 | 27.0
Armour         | 5 7 8 10 11 12 14 17 19 22 25 27 | 27.0
Shields        | 5 6 |  6.0
Evocations     | 1 7 11 14 | 14.1
Dodging        | 3 12 21 | 21.1

Action                     |  1- 3 |  4- 6 |  7- 9 | 10-12 | 13-15 || total
---------------------------+-------+-------+-------+-------+-------++-------
  Melee: War axe           |    13 |    13 |       |       |       ||    26
         Headbutt          |     2 |     4 |     8 |    89 |   111 ||   214
         Broad axe         |       |    13 |    51 |   353 |   418 ||   835
         Morningstar       |       |       |       |       |    14 ||    14
 Invoke: Call Merchant     |       |       |       |     4 |     2 ||     6
         Potion Petition   |       |       |       |     1 |       ||     1
  Evoke: Wand              |       |       |       |     1 |     2 ||     3
    Use: Potion            |       |     1 |     3 |     3 |       ||     7
         Scroll            |       |       |       |     2 |     1 ||     3
   Stab: Invisible         |       |       |     6 |       |       ||     6
         Petrified         |       |       |       |     3 |       ||     3
         Distracted        |       |       |       |     3 |     3 ||     6
 Armour: Scale mail        |     3 |     7 |       |       |       ||    10
         Chain mail        |       |    13 |    38 |   129 |    47 ||   227
         Plate armour      |       |       |       |       |   235 ||   235
  Dodge: Dodged            |     5 |     9 |    14 |   107 |   222 ||   357
  Block: Buckler           |     2 |     2 |    12 |    42 |    55 ||   113

Table legend: (Time is in decaauts)
 A = Elapsed time spent in this place.
 B = Non-inter-level travel time spent in this place.
 C = Inter-level travel time spent in this place.
 D = Time resting spent in this place.
 E = Time spent auto-exploring this place.
 F = Levels seen in this place.
 G = Mean time per level.
                   A        B        C        D        E       F      G
               +--------+--------+--------+--------+--------+-----+--------+
         Total |   3186 |   3186 |      0 |    937 |    465 |   1 | 3186.0 |
       Dungeon |   3186 |   3186 |      0 |    937 |    465 |   1 | 3186.0 |
               +--------+--------+--------+--------+--------+-----+--------+

Top non-repeatable levels by time:
       D: 3186 daAuts
